AoeStats
← maimadana

Arabia

510830727Analyzed
1v1 RM · 7h ago on Oct 2, 2026· 32m 54s· 2 players
Game mode
Random Map
Map size
Tiny (2 player)
Population
200
Speed
Normal
Resources
Standard
Victory
Conquest
Starting age
Dark Age
Ending age
Imperial Age
RankedLock teamsTeams togetherTeam positionsShared explorationLock speedFull tech treeHidden civsTurbo modeCheats
Victory
Defeat
🇫🇷 Mongols · France
759
+17
🇨🇿 Franks · Czechia
779
-17
richard_kevin
7:11 Loom
9:13 Feudal Age
17:25 Horse Collar
17:30 Double-Bit Axe
24:11 Castle Age
26:22 Pikeman
32:24 Forging
maimadana
4:43 Loom
9:34 Feudal Age
10:04 Double-Bit Axe
22:05 Castle Age
21:49 Forging
21:46 Scale Barding Armor
23:05 Gold Mining
34:47 Imperial Age
33:21 Husbandry
Connection lost

Rejoining the realm…

Still unreachable

The connection could not be restored.

Session expired

The server has moved on; the page needs a fresh start.